AoeStats
← acp961

Arena

509804048Analyzed
4v4 RM · 5d ago on Sep 28, 2026· 52m 53s· 8 players
Game mode
Random Map
Map size
Large (8 player)
Population
200
Speed
Normal
Resources
Standard
Victory
Conquest
Starting age
Dark Age
Ending age
Imperial Age
RankedLock teamsTeams togetherTeam positionsShared explorationLock speedFull tech treeHidden civsTurbo modeCheats
Victory
Defeat
🇵🇪 Spanish · Peru
1149
+8
🇵🇪 Franks · Peru
1098
+9
🇨🇱 Bohemians · Chile
1056
+11
🇵🇪 Inca · Peru
887
+17
🇸🇪 Turks · Sweden
989
-13
🇨🇳 Khmer · China
979
-13
🇺🇸 Bohemians · United States
913
-10
🇹🇼 Danes · Taiwan
865
-9
378080739
0:28 Loom
12:51 Feudal Age
16:55 Castle Age
15:40 Double-Bit Axe
15:37 Horse Collar
15:49 Stone Mining
18:36 Gold Mining
23:03 Bow Saw
28:34 Imperial Age
27:23 Heavy Plow
29:17 Wheelbarrow
29:16 Ballistics
30:34 Chemistry
29:06 Elite Ballista Elephant
30:41 Conscription
31:10 Gold Shaft Mining
31:18 Double Crossbow
33:44 Crop Rotation
36:15 Siege Engineers
37:39 Scale Mail Armor
37:53 Forging
38:10 Bloodlines
38:01 Husbandry
40:53 Hand Cart
40:02 Elite Battle Elephant
41:20 Iron Casting
40:50 Scale Barding Armor
47:56 Blast Furnace
52:13 Fortified Wall
51:59 Murder Holes
Peshmerga424
4:58 Loom
11:36 Feudal Age
16:17 Castle Age
14:20 Double-Bit Axe
15:54 Horse Collar
22:30 Wheelbarrow
22:08 Bow Saw
26:00 Imperial Age
24:48 Heavy Plow
25:59 Forging
25:55 Scale Barding Armor
28:58 Hand Cart
30:41 Husbandry
31:17 Bloodlines
32:33 Heavy Camel Rider
37:45 Town Watch
44:28 Iron Casting
44:14 Chain Barding Armor
46:12 Two-Man Saw
50:18 Coinage
49:59 Guilds
52:31 Blast Furnace
52:07 Plate Barding Armor
J0hnny
13:07 Feudal Age
14:27 Loom
17:26 Wheelbarrow
19:35 Castle Age
18:10 Double-Bit Axe
18:06 Horse Collar
22:55 Fletching
43:41 Bow Saw
45:59 Pikeman
52:16 Wheelbarrow
Sagittal
2:21 Loom
10:58 Feudal Age
12:24 Wheelbarrow
15:55 Castle Age
14:25 Double-Bit Axe
14:45 Horse Collar
24:27 Bow Saw
24:38 Loom
25:51 Heavy Plow
29:51 Imperial Age
28:12 Arson
28:12 Gambesons
28:56 Scale Mail Armor
29:37 Forging
29:30 Squires
31:17 Gold Mining
32:47 Chain Mail Armor
33:32 Iron Casting
33:39 Gold Shaft Mining
33:45 Hand Cart
34:44 Elite Varangian Guard
41:03 Plate Mail Armor
41:33 Blast Furnace
42:29 Masonry
acp961
11:34 Feudal Age
16:04 Castle Age
14:24 Double-Bit Axe
17:05 Bow Saw
23:29 Wheelbarrow
22:40 Loom
23:35 Gold Mining
23:35 Stone Mining
24:57 Hand Cart
25:04 Husbandry
26:26 Gold Shaft Mining
25:59 Loom
27:24 Scale Barding Armor
27:29 Forging
27:11 Fletching
33:57 Imperial Age
32:22 Iron Casting
32:07 Chain Barding Armor
34:03 Cavalier
35:47 Blast Furnace
35:22 Plate Barding Armor
36:09 Paladin
41:06 Scale Mail Armor
41:30 Chivalry
43:13 Chain Mail Armor
44:50 Chemistry
43:47 Murder Holes
Xavi-10-
10:30 Feudal Age
14:39 Castle Age
13:26 Double-Bit Axe
13:22 Horse Collar
14:01 Loom
14:11 Stone Mining
21:46 Bow Saw
25:24 Wheelbarrow
29:49 Imperial Age
28:43 Hand Cart
28:45 Heavy Plow
30:32 Sanctity
30:35 Bloodlines
30:26 Husbandry
31:52 Chemistry
30:46 Gold Mining
31:34 Stone Shaft Mining
32:13 Two-Man Saw
33:32 Block Printing
33:43 Illumination
33:53 Theocracy
33:37 Scale Barding Armor
33:43 Forging
33:30 Town Watch
34:40 Fervor
33:59 Cavalier
35:00 Masonry
36:20 Fletching
36:31 Padded Archer Armor
36:57 Chain Barding Armor
36:48 Inquisition
38:34 Architecture
38:26 Ballistics
38:33 Town Patrol
39:34 Redemption
39:55 Fletching
40:42 Plate Barding Armor
41:00 Bodkin Arrow
41:41 Iron Casting
41:25 Inquisition
41:47 Conscription
42:42 Paladin
44:17 Fortified Wall
43:47 Paladin
46:12 Blast Furnace
45:14 Bracer
47:27 Padded Archer Armor
49:13 Scale Mail Armor
50:15 Light Cavalry
52:33 Leather Archer Armor
52:34 Chain Mail Armor
Chicago789
11:19 Feudal Age
16:57 Castle Age
19:23 Horse Collar
19:31 Double-Bit Axe
19:42 Stone Mining
20:07 Heavy Plow
22:09 Wheelbarrow
23:03 Gold Mining
24:55 Caravan
25:40 Hand Cart
26:30 Bow Saw
26:08 Loom
26:10 Town Watch
27:31 Squires
26:52 Pikeman
26:53 Champi Runner
27:03 Champi Runner
28:37 Gold Shaft Mining
28:38 Stone Shaft Mining
28:20 Arson
28:58 Champi Warrior
30:46 Forging
30:39 Scale Mail Armor
32:48 Iron Casting
32:29 Chain Mail Armor
32:05 Fletching
32:41 Ballistics
32:31 Fortified Wall
33:45 Padded Archer Armor
37:25 Elite Skirmisher
38:11 Thumb Ring
40:46 Imperial Age
40:12 Bodkin Arrow
40:36 Leather Archer Armor
40:17 Bodkin Arrow
40:49 Halberdier
40:49 Elite Champi Warrior
43:32 Chemistry
43:41 Elite Kamayuk
44:41 Conscription
43:58 Capped Ram
48:10 Siege Ram
48:54 Fabric Shields
48:57 Andean Sling
52:47 Caravan
rodrigolbs
10:38 Feudal Age
15:26 Castle Age
13:35 Double-Bit Axe
14:14 Loom
18:06 Bow Saw
20:00 Horse Collar
25:57 Imperial Age
28:36 Two-Man Saw
32:00 Siege Engineers
32:16 Ballistics
38:32 Forging
38:23 Scale Mail Armor
40:07 Iron Casting
39:32 Scale Mail Armor
38:56 Pikeman
39:36 Squires
39:54 Heavy Plow
43:12 Chemistry
41:57 Halberdier
45:05 Blast Furnace
47:05 Chain Mail Armor
49:12 Conscription
51:07 Plate Mail Armor
52:35 Houfnice
Connection lost

Rejoining the realm…

Still unreachable

The connection could not be restored.

Session expired

The server has moved on; the page needs a fresh start.